[Event "FIDE World School-ch O-17 2025"]
[Site "Vrnjacka Banja"]
[Date "2025.03.22"]
[Round "3.1"]
[White "Adithya A Chullikkad"]
[Black "Bogdanov, Artyom"]
[Result "0-1"]
[Annotator "TA"]
[ECO "C47"]
[WhiteElo "2101"]
[BlackElo "2373"]
[PlyCount "186"]
[EventDate "2025.03.19"]
[EventType "swiss"]
[EventCountry "SRB"]
[SourceTitle "playchess.com"]
[Source "ChessBase"]
[SourceQuality "1"]
[TimeControl "5400+30"]

1. e4 e5 2. Nf3 Nc6 3. Nc3 Nf6 4. d4 exd4 5. Nxd4 Bb4 6. Nxc6 bxc6 7. Bd3 d5 8. exd5 cxd5 9. O-O O-O 10. h3 {[%emt 0:01:12] C47: Scotch Four Knights and Four Knights with 4 g3.} c6 11. Qf3 Bd6 12. Re1 {[%emt 0:02:34] The position is equal.} Be6 13. Bf4 Bxf4 {[%emt 0:13:06] Recently 13...Re8 got a lot of attention.} 14. Qxf4 Qb8 15. Qxb8 Raxb8 16. b3 c5 17. Rab1 $146 (17. Rad1 Rfc8 18. Ba6 Rc7 19. Bf1 h5 20. Re5 g6 21. Ne2 d4 22. c3 dxc3 23. Nxc3 {½-½ Paravyan,D (2609)-Petrosyan,M (2539) Wch Rapid Almaty 2022 (7)}) 17... Rfc8 18. g4 h6 19. Kh2 Rb6 20. Na4 Rd6 21. Rbd1 {[%emt 0:01:07] Not much happening anymore} Kf8 22. c4 Bd7 23. Nc3 d4 24. Ne4 Nxe4 25. Bxe4 a5 26. Bf3 Re8 27. Rxe8+ Bxe8 $17 {[%emt 0:01:13][%mdl 4096] Endgame KRB-KRB} 28. Re1 Re6 {[%emt 0:03:56] Wards off Re5} 29. Rxe6 (29. Rf1 $17) 29... fxe6 {[%emt 0:00:04] KB-KB} 30. Be4 Ke7 $2 (30... g5 $1 $19 31. Kg3 Kg7) 31. Kg3 $2 ({White must play} 31. h4 $1 $15) 31... g5 $19 32. Kf3 Kf6 33. Bb7 Ke5 34. Be4 (34. Ke2 {might work better.}) 34... h5 35. a3 h4 $2 (35... a4 $19 36. Bc2 d3 37. Bxd3 axb3 38. gxh5 Kd4 (38... Bxh5+ 39. Ke3 $17)) 36. a4 $15 Kd6 37. Ke2 Bd7 38. Kf3 $2 (38. Ba8 $15) 38... Ke5 $2 (38... Bc6 $19 39. Bxc6 Kxc6) 39. Bb7 Kf6 40. Be4 $2 (40. Ke2 $15) 40... Kf7 $1 $19 41. Bb7 Ke7 42. Ba8 Kf7 43. Bb7 $1 Be8 $1 44. Ba8 $2 (44. Ke4 Ke7 (44... Kf6 $2 45. Kf3 $19) 45. Kf3) 44... Kf6 45. Bb7 Bg6 46. Be4 Bf7 47. Bc2 Ke5 $2 (47... Kg7 $19 48. Bd3 Bg6 49. Bxg6 Kxg6) 48. Bd3 $15 Kd6 49. Be4 $2 (49. Ke2 $15) 49... Kd7 $19 50. Bc2 Kc7 51. Bh7 $2 (51. Be4) 51... Be8 $1 52. Ke4 Kd6 53. Kf3 Bd7 54. Be4 $1 Bc8 $2 (54... Bc6 $1 $19 55. Bxc6 Kxc6) 55. Ke2 $15 Kc7 (55... Ke5 $5 56. Kf3 $8 Bd7 $11) 56. Ba8 Bd7 57. Be4 Bc6 58. Kf3 (58. Bxc6 $1 $15 Kxc6 59. Kd1) 58... Be8 $2 (58... Kb6 $19 59. Bxc6 Kxc6) 59. Ba8 $2 (59. Bd3 $15) 59... Kd7 60. Bb7 Ke7 $2 (60... Kd6 $19 61. Ba8 Bc6+ 62. Bxc6 Kxc6) 61. Be4 Kf6 62. Ke2 Kf7 63. Bb7 $2 (63. Kd3 $15) 63... Ke7 $19 64. Kf3 Bd7 $2 (64... Kd6 $1 $19 65. Ba8 Bc6+ 66. Bxc6 Kxc6) 65. Ba8 $15 Kd6 66. Bb7 $2 (66. Be4 $11 {and White stays safe.}) 66... Kc7 $19 67. Ba8 Be8 68. Be4 {[%emt 0:00:10] [#]} Bf7 $2 (68... Bc6 $1 $19 {and ...Kb6 would now be decisive} 69. Bxc6 Kxc6) 69. Bh7 $15 Kd6 (69... Kd8 $5 70. Ke4 $8 Be8 $11) 70. Be4 Ke5 71. Bh7 Be8 $2 (71... Kf6 $11) 72. Be4 $19 {[%emt 0:00:05] [#]} d3 $1 73. Ke3 {[%emt 0:02:06] [#]} d2 $1 74. Bc2 Bc6 {[%emt 0:00:29] Wards off f3} 75. f3 Bb7 {[%emt 0:00:07] Black is more active.} (75... Kf6 $17) 76. Bd1 $1 $11 Ba8 77. Bc2 (77. Be2 $11) 77... Bc6 ({Black should try} 77... Kf6 $17) 78. Bd1 $1 Be8 79. Kxd2 $2 {[%emt 0:02:35][%mdl 8192] White is now going downhill.} (79. Be2 $11) 79... Kd4 80. Bc2 Bc6 {[%emt 0:00:00] Repels Be4} 81. Ke2 (81. Bd1 e5 82. Ke2 e4 83. fxe4 Bxe4 $19) (81. b4 $142 cxb4 (81... Bxf3 82. bxa5 Bb7 83. Bd3 $11) 82. f4 gxf4 (82... Kxc4 83. fxg5 e5 84. g6 $17) 83. g5) 81... e5 $19 82. Bd1 e4 83. fxe4 Bxe4 84. Kf2 Kd3 {[%emt 0:00:40] ( -> ...Kd2)} 85. Be2+ Kd2 {[%emt 0:00:30] Black mates.} 86. Bf1 Bb7 87. Be2 Bc6 88. Bf1 Kc3 89. Ke3 Kxb3 90. Kd3 Kxa4 91. Kc3 Ka3 92. Kc2 Kb4 93. Kb2 Be8 {[%emt 0:00:08] Weighted Error Value: White=0.79/Black=0.87  Loses game:     	White=10    	---        Missed win:     	---       	Black=9      Mistake:       	White=5     	Black=3      Inaccurate:     	White=4     	Black=4      OK:         	White=17    	Black=23     Best:        	White=10    	Black=3      Strong:       	White=4     	Black=3      Brilliant:      	---       	Black=2} (93... Bb7 $142 94. Kc2 Ba6 95. Bg2 Bxc4 96. Bf3 a4 (96... Bf1 $2 97. Bd5 $19) 97. Be4 a3 (97... Bf1 $2 98. Kd2 $19) 98. Bg2 Bd3+ 99. Kxd3 a2 100. Ke4 a1=Q (100... a1=B 101. Kf5 $16) 101. Kf5 Qc1 102. Bb7 Qe3 103. Be4 Qf4+ (103... Qxh3 $2 104. Kxg5 Qf1 105. Bb7 $19) 104. Kg6 Qxe4+ 105. Kh5 Qe7 106. Kg6 c4 107. Kh6 c3 108. Kh5 c2 109. Kg6 c1=Q (109... c1=B {leads to mate.} 110. Kh6 Qe6+ 111. Kh7 Qf7+ 112. Kh6 Qg8 113. Kh5 Qh7#) 110. Kh6 Qb1 111. Kh5 Qbh7#) 0-1

[Event "FIDE World School-ch O-17 2025"]
[Site "Vrnjacka Banja"]
[Date "2025.03.22"]
[Round "3.2"]
[White "Ljepic, Andrej"]
[Black "Elmirzaev, Khondamir"]
[Result "0-1"]
[Annotator "TA"]
[ECO "D00"]
[WhiteElo "2337"]
[BlackElo "2036"]
[PlyCount "76"]
[EventDate "2025.03.19"]
[EventType "swiss"]
[EventCountry "SRB"]
[SourceTitle "playchess.com"]
[Source "ChessBase"]
[SourceQuality "1"]
[TimeControl "5400+30"]

1. d4 Nf6 2. Bg5 d5 3. Bxf6 exf6 4. e3 Be6 5. Ne2 Bd6 6. g3 {[%emt 0:01:16] D00: 1 d4 d5: Unusual lines.} c6 7. Bg2 Nd7 8. Nd2 {[%emt 0:02:36] The position is equal.} h5 9. h4 b5 $146 ({Predecessor:} 9... f5 10. b3 Nb6 11. c3 Qe7 12. Qc2 Rc8 13. Qd3 O-O 14. O-O g6 15. Nf4 Bxf4 16. exf4 {1-0 Barbosa,O (2518)-Jacobson,B (2225) PRO League Stage rapid 2017 (6)}) 10. a4 {[%emt 0:06:08] White wants to play axb5.} a6 11. e4 Nb6 12. b3 bxa4 13. bxa4 a5 14. c3 g6 15. Qc2 O-O 16. O-O Rb8 17. Rfe1 Qc7 18. f4 f5 {[%emt 0:08:37] Black is more active.} 19. e5 Be7 20. Kh2 Rfc8 21. Qd3 c5 22. dxc5 {[%emt 0:01:48][%csl Oa4,Oc3,Oc5] White has weak pawns. Black attacks a weakness} Nd7 23. Nd4 (23. c6 $142 Qxc6 24. Rec1) 23... Nxc5 $17 (23... Bxc5 $6 24. Nb5 Qd8 25. Nb3 $11) 24. Qc2 Ne4 25. Nb5 Qb6 {[%emt 0:01:16] and ...Qf2 should not be overlooked} 26. Rac1 $2 {[%emt 0:01:51] [#] Loses the game.} (26. Qd3 $17 {was necessary.}) 26... Nxc3 $1 $19 27. Nxc3 {[%emt 0:02:41] and Qd3 would now be decisive} d4 $1 28. Qd3 dxc3 (28... Rxc3 29. Rxc3 dxc3 30. Qxc3 $19) 29. Rxc3 Rxc3 30. Qxc3 Bb4 31. Qb2 Qf2 32. Rb1 {[%emt 0:00:40] [#]} Bd6 $1 {[%emt 0:04:28] This pair of bishops is nice.} (32... Qxd2 $2 {too greedy.} 33. Qxd2 Bxd2 34. Rxb8+ Kg7 35. Bc6 $18) 33. Qc3 {[%emt 0:01:32] [#]} (33. Qxb8+ {was the crucial defense.} Bxb8 34. Rxb8+ Kg7 35. Rd8) 33... Rxb1 $1 {[%emt 0:00:58] Black is clearly winning.} 34. Nxb1 Bb4 35. Qd3 {[%emt 0:02:10] Wards off Bd5} Qb2 36. Kh3 Ba2 37. Qd8+ Kg7 38. Qf6+ Kh7 {[%emt 0:00:15] Weighted Error Value: White=0.36/Black=0.03 (flawless)   Loses game:     	White=1     	---        Mistake:       	White=2     	---        Inaccurate:     	White=2     	Black=1      OK:         	White=10    	Black=15     Best:        	---       	Black=4      Strong:       	---       	Black=3      Brilliant:      	---       	Black=1} 0-1

[Event "FIDE World School-ch O-17 2025"]
[Site "Vrnjacka Banja"]
[Date "2025.03.22"]
[Round "3.3"]
[White "Taran, Egor A"]
[Black "Yildiz, Egehan"]
[Result "1/2-1/2"]
[Annotator "TA"]
[ECO "B12"]
[WhiteElo "1961"]
[BlackElo "2204"]
[PlyCount "110"]
[EventDate "2025.03.19"]
[EventType "swiss"]
[EventCountry "SRB"]
[SourceTitle "playchess.com"]
[Source "ChessBase"]
[SourceQuality "1"]
[TimeControl "5400+30"]

1. e4 c6 2. d4 d5 3. e5 c5 4. dxc5 e6 5. a3 Bxc5 6. b4 {[%emt 0:00:00] B12: Caro-Kann: Advance Variation.} Be7 7. Nf3 a5 8. b5 f6 9. c4 fxe5 10. Nxe5 Nf6 $146 {[%emt 0:00:07] Prevents Qh5+.} (10... Bf6 11. Bb2 Nd7 12. Nxd7 Bxd7 13. Bxf6 Nxf6 14. Bd3 dxc4 15. Bxc4 Qc7 16. Qe2 O-O {1-0 Mokshanov,A (2444)-Shakirov,M (2150) Chigorin Memorial 28th 2021 (8)}) 11. Bd3 Nbd7 12. Nxd7 Bxd7 13. O-O O-O 14. Bb2 Be8 15. Qe2 Qb6 16. Nd2 Bh5 17. Qe5 Rae8 (17... Qd6 $14) 18. Bd4 (18. Rae1 $16) 18... Qd8 (18... Qd6 $1 $11) 19. c5 $16 (19. Qxe6+ Bf7 20. Qb6 Qxb6 21. Bxb6 Nd7 22. Bxa5 Nc5 $15) 19... Bf7 20. a4 (20. f4 $142) 20... Nh5 21. f4 $40 {[%emt 0:00:00][%cal Bf2f4,Bf4g5][%mdl 160] Black is in trouble. White is much more active.} Bf6 22. Qe3 Bg6 23. Bxg6 hxg6 24. Be5 g5 (24... Bxe5 $16 25. fxe5 Qh4) 25. Bxf6 $18 Rxf6 26. fxg5 Rxf1+ (26... Rf5 $142 27. Nb3 Rxg5) 27. Rxf1 {[%emt 0:00:00] [#]} e5 28. Qf3 Nf4 29. g3 (29. h4 $18) 29... Nh3+ $16 30. Kg2 Nxg5 31. Qf5 d4 (31... Qe7 $16 {keeps fighting.}) 32. h4 $18 Qd5+ {[%emt 0:00:25] [#]} 33. Kg1 $1 Nh7 34. Rc1 (34. Qg6 $16 Rf8 35. Rxf8+ Nxf8 36. Qc2 (36. Qd6 Qxd6 37. cxd6 Nd7 $11)) 34... Rf8 $11 35. Qe4 Qa2 36. Qd3 {[%emt 0:00:18] Qb3+ is in the air} Kh8 (36... Qxa4 $11 37. c6 bxc6 38. bxc6 Nf6) 37. c6 $16 bxc6 38. bxc6 {[%emt 0:00:01][%csl Oc6] White has a strong passed pawn} Qe6 39. c7 {[%emt 0:00:35] White plays on the queen side and is better} Nf6 $2 (39... Rc8 $16) 40. Qc4 $18 Qc8 41. Qc5 (41. Rb1 $142 Qg4 42. Nf1) 41... Rf7 $2 (41... Re8 {is more resistant.} 42. Rb1 (42. Qxa5 Qg4 $16) 42... Qa8) 42. Qxe5 (42. Qxa5 e4 43. Kg2 d3 $16 (43... e3 44. Nf3 $16)) 42... Rd7 43. Qxa5 Nd5 44. Ne4 Rxc7 45. Rxc7 Nxc7 {[%emt 0:00:00][%mdl 4096] Endgame KQN-KQN. White is a pawn up.} 46. Qh5+ Kg8 47. Ng5 Qf5 {[%emt 0:00:00] Against Qh7+} 48. Qf3 Qb1+ (48... Qd7 $142 49. Qb3+ Kf8 50. Qb4+ Ke8) 49. Kg2 {[%emt 0:00:06] Threatening mate with Qf7+.} Qa2+ 50. Kh3 Qc4 51. Qe4 Qf1+ 52. Kg4 Qd1+ 53. Kh3 Qf1+ 54. Kg4 (54. Kh2 $142 Qf2+ 55. Kh3) 54... Qd1+ 55. Kh3 {[%emt 0:00:35] And now a5 would win.} Qf1+ {[%emt 0:00:46] Weighted Error Value: White=0.56/Black=0.55  Loses game:     	---       	Black=1      Mistake:       	White=6     	Black=8      Inaccurate:     	White=4     	Black=3      OK:         	White=15    	Black=18     Best:        	White=4     	Black=8      Strong:       	White=1     	---} 1/2-1/2

[Event "FIDE World School-ch O-17 2025"]
[Site "Vrnjacka Banja"]
[Date "2025.03.22"]
[Round "3.4"]
[White "Orgilon Batsaikhan"]
[Black "Milanovic, Marko"]
[Result "1/2-1/2"]
[Annotator "TA"]
[ECO "C77"]
[WhiteElo "2024"]
[BlackElo "2271"]
[PlyCount "96"]
[EventDate "2025.03.19"]
[EventType "swiss"]
[EventCountry "SRB"]
[SourceTitle "playchess.com"]
[Source "ChessBase"]
[SourceQuality "1"]
[TimeControl "5400+30"]

1. e4 e5 2. Nf3 Nc6 3. Bb5 a6 4. Ba4 Nf6 5. Nc3 b5 6. Bb3 Be7 7. Nd5 {[%emt 0:00:06] C77: Ruy Lopez: 3...a6 4 Ba4 Nf6, unusual lines.} O-O (7... Nxe4 $5 8. d4 exd4 $11) 8. a4 b4 9. d3 Rb8 10. O-O d6 11. Be3 Na5 $146 (11... Be6 12. Nxe7+ Nxe7 13. Bxe6 fxe6 14. Bg5 Ng6 15. Re1 h6 16. Be3 c5 17. c3 bxc3 18. bxc3 {0-1 Romero Gamez,F (1629)-Padilla Carmona,F (1900) Barcelona La Lira Spring op 3rd 2010 (6.15)}) 12. Nxf6+ Bxf6 13. Ba2 c5 14. Bc4 Nxc4 15. dxc4 Be7 16. Nd2 g5 ({Black should play} 16... Qd7 $15) 17. g4 ({White should try} 17. f3 $11) 17... Be6 $15 18. b3 Qd7 (18... Kg7 $15) 19. h3 $14 Kg7 20. f3 h5 21. Kg2 Rh8 22. Qe2 Rh7 23. Rh1 Rbh8 24. Rag1 f6 25. Nf1 hxg4 26. hxg4 Kf7 27. Ng3 Ke8 28. Rxh7 (28. Nf5 Bf8 29. Qd1 Kd8 30. Rxh7 Rxh7 31. Rh1) 28... Rxh7 29. Rh1 Rxh1 30. Kxh1 Bf8 31. Kg2 a5 32. Qd3 Kd8 33. Bf2 Kc7 34. Nf1 (34. Nf5 Qh7 35. Ne3 Kc6 36. Qd2) 34... Be7 35. Ne3 (35. Qd1 {is interesting.} Qe8 36. Ne3 Kc6 37. Nd5) 35... Kb7 36. Qd1 Bd8 37. Qh1 Qf7 38. Qh8 Qg8 39. Qh6 Bf7 40. Kf1 Kc6 41. Ke2 Kb7 42. Kd3 Kc6 43. Bg3 Kd7 44. Be1 Bg6 45. Nd5 Be7 46. c3 {[%emt 0:02:29] White has more active pieces.} (46. Qh2 $14) 46... Qh7 $11 {[%emt 0:00:32] The position is equal.} 47. Qxh7 Bxh7 48. cxb4 axb4 {[%emt 0:00:20] Weighted Error Value: White=0.10 (very precise) /Black=0.09 (flawless)   Mistake:       	White=2     	Black=2      Inaccurate:     	White=3     	Black=2      OK:         	White=14    	Black=16     Best:        	---       	Black=1} 1/2-1/2

[Event "FIDE World School-ch O-17 2025"]
[Site "Vrnjacka Banja"]
[Date "2025.03.22"]
[Round "3.5"]
[White "Gusev, Mikhail"]
[Black "Adilbekuly, Altair"]
[Result "1/2-1/2"]
[Annotator "TA"]
[ECO "B32"]
[WhiteElo "2250"]
[BlackElo "1628"]
[PlyCount "121"]
[EventDate "2025.03.19"]
[EventType "swiss"]
[EventCountry "SRB"]
[SourceTitle "playchess.com"]
[Source "ChessBase"]
[SourceQuality "1"]
[TimeControl "5400+30"]

1. e4 c5 2. Nf3 Nc6 3. d4 cxd4 4. Nxd4 e5 5. Nb5 d6 6. N1c3 a6 7. Na3 b5 8. Nd5 Be7 9. c4 b4 10. Nc2 Rb8 11. Qf3 $146 {[%emt 0:03:06] White is more active. B32: Sicilian: Löwenthal and Kalashnikov Variations.} (11. Bd2 Nf6 12. Ncxb4 Nd4 13. f3 Nxd5 14. Nxd5 Rxb2 15. Bc3 Rb8 16. Bxd4 exd4 17. Qxd4 O-O 18. Bd3 Qa5+ {1-0 Myagmarsuren,E (2296)-Buksa,N (2400) Titled Tuesday intern op 25th Feb Early blitz 2025 (11)}) 11... Nf6 12. Nxe7 Qxe7 13. Bg5 {[%emt 0:00:27] White is slightly better.} Be6 14. b3 a5 15. Rd1 ({White should play} 15. Be2 $14) 15... Bg4 $15 16. Qd3 Bxd1 $17 17. Qxd1 h6 18. Bxf6 Qxf6 19. Qd5 Rc8 20. Be2 O-O 21. O-O Qe6 {[%emt 0:13:39] Dodges Bg4} 22. Qd3 Nd4 23. Nxd4 exd4 24. Qxd4 Qe5 25. Rd1 Qxd4 26. Rxd4 {[%emt 0:01:43][%mdl 4096] Endgame KRR-KRB} Rfe8 27. Bd3 Rc6 28. f4 f6 29. Kf2 {[%emt 0:01:37] [#]} (29. Rd5 $15) 29... Kf7 ({Better is} 29... Rd8 $1 $17) 30. Rd5 $11 Ra8 31. Ke3 Ke6 32. Rb5 Ra7 {[%emt 0:02:47] Prevents Rb7.} 33. Kd4 Rcc7 34. h4 Rcb7 35. Rd5 a4 36. Bc2 axb3 37. Bxb3 Ke7 38. g4 Rc7 39. h5 Rab7 40. Ra5 Ra7 41. Rb5 Rab7 42. Rd5 Rd7 43. g5 ({Avoid the trap} 43. Rb5 $2 Rxb5 44. cxb5 Rc7 $17) 43... Rdc7 44. gxf6+ gxf6 45. Ra5 Ra7 46. Rf5 Rab7 47. Rd5 (47. Ra5 $11) 47... Ra7 (47... Rb8 $15) 48. Rb5 Rab7 49. Rf5 (49. Rd5 $11) 49... Ra7 (49... Rb8 $17) 50. e5 (50. Rb5 $11) 50... dxe5+ $15 51. fxe5 fxe5+ 52. Rxe5+ Kf6 53. Rb5 Rab7 54. Kd5 Ke7 $1 55. Rxb7 Rxb7 {[%emt 0:00:06] KR-KB} 56. Kc6 Rd7 57. c5 $1 Kd8 (57... Rd2 $15) 58. Kb6 $11 {[%emt 0:00:50] The position is equal.} Rd3 59. c6 {[%emt 0:00:51] [#] c7+ would now be deadly.} Rc3 60. Kb7 Rc1 61. Bd5 $2 {[%emt 0:01:12] Whites escaped into a draw.   Weighted Error Value: White=0.18 (very precise) /Black=0.15 (very precise)   Loses game:     	White=1     	---        Mistake:       	White=6     	Black=4      Inaccurate:     	White=4     	Black=3      OK:         	White=13    	Black=13     Best:        	White=3     	Black=3      Strong:       	White=1     	Black=1} (61. Bd1 $11 {and White has nothing to worry.}) 1/2-1/2

[Event "FIDE World School-ch O-17 2025"]
[Site "Vrnjacka Banja"]
[Date "2025.03.22"]
[Round "3.6"]
[White "Jovanovic, Darko A"]
[Black "Topuz, Mirac Melih"]
[Result "0-1"]
[Annotator "NA RC"]
[ECO "D02"]
[WhiteElo "1894"]
[BlackElo "2113"]
[PlyCount "58"]
[EventDate "2025.03.19"]
[EventType "swiss"]
[EventCountry "SRB"]
[SourceTitle "playchess.com"]
[Source "ChessBase"]
[SourceQuality "1"]
[TimeControl "5400+30"]

1. d4 d5 2. Bf4 c5 3. e3 Nc6 4. c3 Qb6 5. Qc2 Nf6 6. Nf3 g6 7. Nbd2 Bg7 8. h3 O-O 9. Be2 Bf5 10. dxc5 Qxc5 11. Qb3 Ne4 12. O-O (12. g4 $11 Nxd2 13. Nxd2) 12... e5 $15 13. Bh2 Nd6 14. Rac1 Rfc8 15. Rfe1 b5 16. Bf1 h6 17. Qd1 Rd8 18. b3 a5 19. c4 dxc4 20. bxc4 b4 21. g4 Be6 22. Nb3 Qa7 23. Qc2 a4 24. Nbd2 Qc5 25. Red1 f5 26. gxf5 Bxf5 27. Bd3 b3 28. axb3 Nb4 29. Qc3 Nxd3 0-1

[Event "FIDE World School-ch O-17 2025"]
[Site "Vrnjacka Banja"]
[Date "2025.03.22"]
[Round "3.7"]
[White "Kazhmuratov, Altair"]
[Black "Guntaka, Aayansh"]
[Result "1-0"]
[Annotator "NA RC"]
[ECO "B23"]
[WhiteElo "1971"]
[BlackElo "1866"]
[PlyCount "129"]
[EventDate "2025.03.19"]
[EventType "swiss"]
[EventCountry "SRB"]
[SourceTitle "playchess.com"]
[Source "ChessBase"]
[SourceQuality "1"]
[TimeControl "5400+30"]

1. e4 c5 2. Nc3 e6 3. g3 Nc6 4. Bg2 Nf6 5. Nge2 d5 6. O-O d4 7. Nb1 Be7 8. d3 O-O 9. h3 e5 10. Nd2 Be6 11. f4 Ne8 12. f5 Bd7 13. Nf3 $15 Nd6 14. g4 f6 15. h4 Kf7 16. g5 Qb6 17. Ng3 Ke8 18. h5 fxg5 19. Nxg5 h6 20. Ne6 Rf7 21. Qg4 Bf6 22. Qg6 Ke7 23. Bh3 Nd8 24. b3 Nxe6 25. fxe6 Bxe6 26. Bxe6 Kxe6 27. Bd2 a5 28. a4 Raf8 29. Rf3 Kd7 30. Raf1 Qd8 31. Qg4+ Kc6 32. Qe6 b6 33. Nf5 Kc7 34. Kh1 Nxf5 35. Rxf5 Qd6 36. Rxe5 Bxe5 37. Rxf7+ Rxf7 38. Qxf7+ Kb8 39. Kg2 Kc8 40. Kf3 Kd8 41. Kg4 Bh2 42. Qd5 Qxd5 43. exd5 Kd7 44. Bf4 Bg1 45. Kf5 Be3 46. Be5 Bg5 47. Bxg7 Kd6 48. Ke4 Kd7 49. Be5 Be7 50. Bf4 Bf8 51. Kf5 Bg7 52. Kg6 Bf8 53. Bxh6 Be7 54. Bg7 Kd6 55. h6 Kxd5 56. h7 Ke6 57. h8=Q Kd7 58. Kf7 Bd6 59. Qe8+ Kc7 60. Ke6 Bg3 61. Qd7+ Kb8 62. Kd5 Bf4 63. Kc6 Bc7 64. Qxc7+ Ka8 65. Qb7# 1-0

[Event "FIDE World School-ch O-17 2025"]
[Site "Vrnjacka Banja"]
[Date "2025.03.22"]
[Round "3.8"]
[White "Brankovic, Uros"]
[Black "Senevirathne, D C B K"]
[Result "0-1"]
[Annotator "NA RC"]
[ECO "B22"]
[WhiteElo "1966"]
[BlackElo "1840"]
[PlyCount "110"]
[EventDate "2025.03.19"]
[EventType "swiss"]
[EventCountry "SRB"]
[SourceTitle "playchess.com"]
[Source "ChessBase"]
[SourceQuality "1"]
[TimeControl "5400+30"]

1. e4 c5 2. c3 Nc6 3. d4 cxd4 4. cxd4 d6 5. Nc3 g6 6. Nf3 Bg7 7. Be3 Nf6 8. h3 O-O 9. Be2 e6 10. O-O d5 11. e5 Nd7 12. Ne1 Ndxe5 13. dxe5 d4 14. f4 dxe3 15. Qxd8 Rxd8 16. Nf3 f6 17. Rad1 $17 (17. exf6 $1 $15 Bxf6 18. Rfd1) 17... Bd7 18. Bc4 Na5 19. Be2 fxe5 20. fxe5 Bc6 21. Ng5 Bxe5 22. Bg4 Rxd1 23. Rxd1 Re8 24. Bxe6+ Kg7 25. Bg4 Nc4 26. Ne2 h5 27. Bd7 Nxb2 28. Bxc6 bxc6 29. Rd7+ Kf6 30. h4 Re7 31. Rd8 Bc7 32. Rd4 Kf5 33. g3 Be5 34. Rd8 Kg4 35. Kg2 c5 36. Rf8 Bxg3 37. Nf3 Bc7 38. Rf6 Rg7 39. Nc3 Nd3 40. Ne2 Nf4+ 41. Nxf4 Bxf4 42. Rc6 Rc7 43. Rxg6+ Kf5 44. Rg8 c4 45. Nd4+ Ke5 46. Nc2 Ke4 47. Rd8 Rg7+ 48. Kf1 Be5 49. Ne1 Rf7+ 50. Ke2 Rf2+ 51. Kd1 Rxa2 52. Rd7 e2+ 53. Kc1 c3 54. Nd3 Ra1+ 55. Kc2 e1=Q 0-1